 Dungeon Crawl Stone Soup version 0.30-a0-867-g305f33218d (webtiles) character file.

Game seed: 14718895669258131607

16894 bmack86 the Cleaver (level 12, 0/107 HPs)
             Began as a Minotaur Fighter on Mar 11, 2023.
             Was an Elder of Okawaru.
             Killed from afar by a rime drake (20 damage)
             ... with an icy flash freeze
             ... on level 2 of the Lair of Beasts.
             The game lasted 00:31:32 (10462 turns).

bmack86 the Cleaver (Minotaur Fighter)             Turns: 10462, Time: 00:31:33

Health: 0/107      AC: 35    Str: 28    XL:     12   Next: 14%
Magic:  13/13      EV:  5    Int:  8    God:    Okawaru [****..]
Gold:   772        SH:  6    Dex: 11    Spells: 11/11 levels left

rFire   . . .      SeeInvis .    J - +2 broad axe
rCold   . . .      Faith    .    c - +0 buckler
rNeg    . . .      Spirit   .    M - +2 crystal plate armour
rPois   .          Reflect  .    (helmet restricted)
rElec   .          Rampage  .    B - +2 cloak
rCorr   +                        r - +2 pair of gloves
Will    ++...                    u - +4 pair of boots "Egruopt" {Regen+ rCorr} Stlth
                                 (no amulet)
HPRegen 1.17/turn                l - ring of Reickeykh {Fly Will+ Str+3 Int+3 Slay+5}
MPRegen 0.13/turn                w - ring of willpower

@: lethally poisoned (0 -> -8), flying
A: horns 2, retaliatory headbutt
a: Renounce Religion, Heroism, Finesse


You were on level 2 of the Lair of Beasts.
You worshipped Okawaru.
Okawaru was greatly pleased with you.
You visited 3 branches of the dungeon, and saw 14 of its levels.
You also visited: Sewer and Bailey.

You collected 772 gold pieces.

Inventory:

Hand Weapons
 a - a +1 war axe
 J - a +2 broad axe (weapon)
Missiles
 m - 10 javelins
 p - 11 boomerangs (quivered)
 q - 2 silver boomerangs
 y - 16 poisoned darts
 F - 2 throwing nets
Armour
 c - a +0 buckler (worn)
 r - a +2 pair of gloves (worn)
 u - the +4 pair of boots "Egruopt" (worn) {Regen+ rCorr}
   (You acquired it in a sewer)

   Regen:     It increases your rate of health regeneration.
   rCorr:     It protects you from acid and corrosion.
 B - a +2 cloak (worn)
 M - a +2 crystal plate armour (worn)
Jewellery
 f - a ring of positive energy
 l - the ring of Reickeykh (left hand) {Fly Will+ Str+3 Int+3 Slay+5}
   (You found it on level 2 of the Lair of Beasts)

   [ring of willpower]

   Str:       It affects your strength (+3).
   Int:       It affects your intelligence (+3).
   Slay:      It affects your accuracy & damage with ranged weapons and melee
   (+5).
   Fly:       It grants you flight.
   Will:      It increases your willpower.
 o - a ring of protection from fire
 w - a ring of willpower (right hand)
 C - a +6 ring of intelligence
 O - a ring of poison resistance
Wands
 E - a wand of mindburst (11)
 I - a wand of flame (40)
Scrolls
 j - 4 scrolls of poison
 s - 3 scrolls of teleportation
 x - a scroll of blinking
 A - 3 scrolls of amnesia
 H - 2 scrolls of fear
 K - 2 scrolls of identify
Potions
 b - 4 potions of flight
 d - a potion of attraction
 e - 3 potions of brilliance
 g - 2 potions of haste
 h - 9 potions of curing
 i - a potion of resistance
 k - a potion of ambrosia
 n - a potion of berserk rage
 v - 2 potions of magic
 z - 2 potions of heal wounds
 N - 2 potions of invisibility


   Skills:
 + Level 10.3 Fighting
 * Level 13.9 Axes
 + Level 7.7 Throwing
 + Level 10.4 Armour
 + Level 10.4 Shields
 + Level 3.5 Invocations


You had 11 spell levels left.
You didn't know any spells.
Your spell library contained the following spells:

 Spells                   Type           Power      Damage    Failure   Level
 Freeze                   Ice            0%         1d3       100%        1
 Sandblast                Erth           0%         2d4       100%        1
 Blink                    Tloc           0%         N/A       100%        2
 Passwall                 Tmut/Erth      0%         N/A       100%        2
 Scorch                   Fire           0%         2d5       100%        2
 Frozen Ramparts          Ice            0%         1d1       100%        3
 Hailstorm                Conj/Ice       0%         3d3       100%        3
 Ignite Poison            Fire/Tmut/Pois 0%         N/A       100%        3
 Inner Flame              Hex/Fire       0%         N/A       100%        3
 Kindle Blastsparks       Fire/Tloc/Air  0%         2d10      100%        3
 Stone Arrow              Conj/Erth      0%         3d7       100%        3
 Flame Wave               Conj/Fire      0%         2d4       100%        4
 Manifold Assault         Tloc           0%         N/A       100%        4
 Freezing Cloud           Conj/Ice/Air   0%         6-21      100%        5
 Starburst                Conj/Fire      0%         6d3       100%        6
 Storm Form               Tmut/Air       0%         N/A       100%        7
 Maxwell's Capacitive Co  Air            0%         ∞         100%        8
 Shatter                  Erth           0%         3d5*      100%        9
 Summon Lightning Spire   Summ/Air       Unusable   N/A       N/A         4
 Summon Cactus Giant      Summ           Unusable   N/A       N/A         6

Dungeon Overview and Level Annotations

Branches:
Dungeon (10/15)            Temple (1/1) D:6            Lair (3/5) D:8
 Spider (0/4) Lair:2          Orc (0/2) D:10          Sewer (visited)
 Bailey (visited)
  Swamp: Lair:2-3    Shoals: Lair:2-3

Altars:
Elyvilon
Fedhas
Gozag
Hepliaklqana
Kikubaaqudgha
Nemelex Xobeh
Okawaru
Qazlal
Ru
Sif Muna
Uskayaw
Wu Jian
Yredelemnul
Zin
The Shining One

Shops:
D:1 (   D:4 (   D:6 *

Annotations:
D:10 3 runed translucent doors, Pimp's ghost, journeyman SpCj


Innate Abilities, Weirdness & Mutations

You have a pair of horns on your head.
You reflexively headbutt those who attack you in melee.


Message History

You slash the rime drake!
You feel extremely sick. You block Sonja's attack.
Sonja hits you but does no damage. x2
You are more poisoned.
The rime drake bites you but does no damage.
You closely miss Sonja. Your headbutt misses Sonja.
Sonja is severely wounded.
You slash the rime drake!
You feel extremely sick. Sonja hits you but does no damage. x3
You are more poisoned.
You block the rime drake's attack. Sonja barely misses you.
Sonja completely misses you. Sonja hits you but does no damage.
You are more poisoned.
You barely miss Sonja. You headbutt Sonja!
You kill Sonja!
Okawaru accepts your kill.
You barely miss the rime drake.
You feel extremely sick.
The rime drake bites you but does no damage.
You barely miss the rime drake.
The rime drake is heavily wounded.
The ice encasing you melts away.
You feel extremely sick. The rime drake barely misses you.
You furiously retaliate!
You headbutt the rime drake! You hit the rime drake.
The rime drake is almost dead.
You feel extremely sick.
The rime drake bites you but does no damage.
You barely miss the rime drake.
The rime drake is almost dead.
You feel very sick.
The rime drake bites you but does no damage.
You barely miss the rime drake.
The rime drake is almost dead.
You feel very sick. The rime drake breathes ice at you.
The icy flash freeze hits you!!
You die...

##....## ##.....##
........## ...)....P#
#### ### # .........##
##.P##..#.##
..........###...........
...........#............
................k.......
................@.......
.................)......
........................
........................
........................
........................
........................
........................
..............


You could see a rime drake (catching breath).

Vanquished Creatures
  A two-headed ogre (D:9)
  Sonja (Lair:2)
  An orc knight (Bailey)
  An orc sorcerer (D:10)
  A black mamba (Lair:2)
  2 cane toads (Lair:1)
  A torpor snail (Lair:2)
  Maggie (D:7)
  Psyche (D:8)
  A rime drake (D:8)
  An unseen horror (D:10)
  3 komodo dragons
  A troll (D:9)
  4 polar bears
  4 blink frogs
  2 dream sheep (Lair:2)
  2 shadows (D:10)
  A wyvern (Lair:1)
  4 basilisks
  10 yaks
  A steam dragon (D:9)
  An acid dragon (D:10)
  Duvessa (D:6)
  5 ice beasts (D:8)
  A sky beast (D:6)
  3 water moccasins
  12 orc warriors
  2 black bears
  An ogre (D:7)
  3 centaurs
  3 wolves (D:8)
  3 phantoms
  9 bullfrogs
  Blork the orc (D:6)
  3 kobold brigands
  2 gnoll sergeants
  5 scorpions
  Dowan (D:6)
  24 killer bees
  5 howler monkeys
  4 hounds
  A jelly (D:6)
  9 orc priests
  4 gnoll boudas
  3 sleepcaps (D:5)
  Natasha (D:2)
  8 orc wizards
  6 ogre zombies (D:10)
  9 adders
  36 gnolls
  A shadow imp (D:6)
  A white imp (D:7)
  An ufetubus (D:5)
  2 worms
  3 dart slugs
  51 orcs
  9 bats
  6 endoplasms
  5 giant cockroaches
  9 goblins
  7 hobgoblins
  3 jackals (Sewer)
  5 quokkas
  6 ball pythons
  3 frilled lizards
  A goblin skeleton (D:10)
  A hobgoblin zombie (D:10)
  25 kobolds
  2 orc skeletons (D:10)
  14 orc zombies (D:10)
  5 rats
370 creatures vanquished.

Vanquished Creatures (others)
  An iguana (D:6)
  4 fungi (Lair:2)
  3 plants
  6 withered plants (D:1)
14 creatures vanquished.

Grand Total: 384 creatures vanquished

Notes
Turn   | Place    | Note
-------+----------+-------------------------------------------
     0 | D:1      | bmack86 the Minotaur Fighter began the quest for the Orb.
     0 | D:1      | Reached XP level 1. HP: 19/19 MP: 0/0
   176 | D:1      | Reached XP level 2. HP: 27/27 MP: 1/1
   192 | D:1      | Reached skill level 3 in Axes
   283 | D:1      | Found Fejadafi's Weapon Emporium.
   464 | D:1      | Reached XP level 3. HP: 31/33 MP: 2/2
   515 | D:1      | Found a faded altar of an unknown god.
  1372 | D:2      | Reached XP level 4. HP: 32/40 MP: 3/3
  1376 | D:2      | Reached skill level 4 in Axes
  1527 | D:2      | Noticed Natasha
  1544 | D:2      | Killed Natasha
  1864 | D:3      | Reached XP level 5. HP: 25/47 MP: 4/4
  2030 | D:3      | Found a glowing silver altar of Zin.
  2225 | D:3      | Identified the +2 ring mail of the Eight Boll Weevils {+Inv
                  | rPois rC+ Int+5}
  2635 | D:4      | Found a glowing drain.
  2661 | Sewer    | Entered a sewer
  2724 | Sewer    | Noticed a water moccasin
  2728 | Sewer    | Killed a water moccasin
  2729 | Sewer    | Reached skill level 5 in Axes
  2729 | Sewer    | Reached skill level 1 in Throwing
  2729 | Sewer    | Reached XP level 6. HP: 41/53 MP: 5/5
  2807 | Sewer    | Identified a scroll of acquirement
  2807 | Sewer    | Acquired the +4 pair of boots "Egruopt" {Regen+ rCorr}
  2921 | D:4      | Found Recy's Weapon Shoppe.
  3066 | D:4      | Reached skill level 5 in Shields
  3109 | D:4      | Reached skill level 5 in Fighting
  3109 | D:4      | Reached skill level 5 in Armour
  3287 | D:5      | Entered Level 5 of the Dungeon
  3392 | D:5      | Found a basalt altar of Yredelemnul.
  3464 | D:5      | Reached XP level 7. HP: 41/61 MP: 6/6
  3521 | D:5      | Reached skill level 6 in Axes
  3849 | D:5      | Found a hazy altar of Hepliaklqana.
  3984 | D:6      | Reached skill level 7 in Axes
  3984 | D:6      | Reached XP level 8. HP: 70/70 MP: 7/7
  3996 | D:6      | Noticed Duvessa
  3996 | D:6      | Noticed Dowan
  4011 | D:6      | Killed Duvessa
  4014 | D:6      | Killed Dowan
  4042 | D:6      | Found a shimmering blue altar of Sif Muna.
  4173 | D:6      | Reached skill level 8 in Axes
  4173 | D:6      | Found a staircase to the Ecumenical Temple.
  4311 | D:6      | Noticed Blork the orc
  4326 | D:6      | Killed Blork the orc
  4352 | D:6      | Found Gunni's Mass Market.
  4358 | D:6      | Reached XP level 9. HP: 78/78 MP: 8/8
  4387 | D:6      | Reached skill level 9 in Axes
  4575 | D:7      | Noticed Maggie
  4583 | D:7      | Killed Maggie
  4943 | D:7      | Got Xoxacod's Volume of the Heated Caves
  5451 | D:8      | Reached skill level 10 in Axes
  5451 | D:8      | Reached skill level 5 in Throwing
  5476 | D:8      | Noticed Psyche
  5489 | D:8      | Killed Psyche
  5538 | D:8      | Reached XP level 10. HP: 62/88 MP: 9/9
  5561 | D:8      | HP: 4/88 [orc priest/divine providence (15)]
  5570 | D:8      | Reached skill level 11 in Axes
  5681 | D:8      | Found a staircase to the Lair.
  6439 | D:9      | Noticed a two-headed ogre
  6448 | D:9      | Killed a two-headed ogre
  6484 | D:9      | Found a flagged portal.
  6560 | D:9      | Found a sparkling altar of Nemelex Xobeh.
  6600 | Bailey   | Entered a bailey
  6723 | Bailey   | Reached skill level 12 in Axes
  7018 | Bailey   | Noticed an orc knight
  7032 | Bailey   | Killed an orc knight
  7033 | Bailey   | Reached XP level 11. HP: 40/97 MP: 10/10
  7146 | D:9      | Found a hide-covered altar of Uskayaw.
  7996 | Temple   | Entered the Ecumenical Temple
  8019 | Temple   | Became a worshipper of Warmaster Okawaru
  8142 | D:10     | Entered Level 10 of the Dungeon
  8272 | D:10     | Noticed an orc sorcerer
  8284 | D:10     | Killed an orc sorcerer
  8301 | D:10     | Reached skill level 1 in Invocations
  8305 | D:10     | Reached * piety under Okawaru
  8319 | D:10     | Found a staircase to the Orcish Mines.
  8373 | D:10     | Found a runed translucent gate.
  8373 | D:10     | Found a runed translucent gate.
  8375 | D:10     | Found a runed translucent gate.
  8377 | D:10     | Noticed Pimp's ghost (journeyman SpCj)
  8377 | D:10     | Noticed a 12-headed hydra
  8378 | D:10     | Noticed a nine-headed hydra
  9364 | Lair:1   | Entered Level 1 of the Lair of Beasts
  9376 | Lair:1   | Reached skill level 13 in Axes
  9410 | Lair:1   | Reached ** piety under Okawaru
  9847 | Lair:1   | Reached skill level 10 in Armour
  9858 | Lair:1   | Reached skill level 10 in Shields
 10013 | Lair:1   | Reached skill level 10 in Fighting
 10173 | Lair:2   | Reached *** piety under Okawaru
 10181 | Lair:2   | Found a hole to the Spider Nest.
 10300 | Lair:2   | You fall into a shaft and drop 1 floor!
 10309 | Lair:3   | Reached XP level 12. HP: 50/106 MP: 13/13
 10339 | Lair:2   | Reached **** piety under Okawaru
 10393 | Lair:2   | Identified the ring of Reickeykh {Fly Will+ Str+3 Int+3
                  | Slay+5}
 10449 | Lair:2   | Noticed Sonja
 10458 | Lair:2   | Killed Sonja
 10462 | Lair:2   | Killed from afar by a rime drake

Illustrated notes

Levels and vault maps discovered:
D:1:      sevenhm_arrival_forest_fort_large_2, layout_loops_cross,
          ebering_ecumenical_altar_petrified, serial_shops, nicolae_shop_stone,
          hangedman_abyss_or_decor_lesser_grid
D:2:      layout_loops_ring, minmay_puff, uniq_natasha
D:3:      wander_river, layout_basic, old_standard_altar,
          chequers_serial_rivers_small_a, minmay_misc_feat_room,
          minmay_distorted
D:4:      layout_basic, portal_sewer_entry_c, serial_shops, kennysheep_mini_moat
D:5:      layout_basic, mainiacjoe_overflow_swirl, hangedman_decor_slide_cut,
          nicolae_concentric_dashed_squares_mild, kennysheep_windowed_goal
D:6:      layout_rooms, nicolae_overflow_hidden_temple,
          minmay_temple_entry_proselytizer, minmay_shop_mass,
          grunt_ministairs_15, uniq_blork_the_orc, uniq_duvessa
D:7:      layout_cave_pods, serial_rivers, chequers_serial_rivers_micro_d,
          chequers_serial_rivers_small_b, chequers_serial_rivers_marsh,
          chequers_serial_rivers_room_a, uniq_maggie
D:8:      layout_loops_ring, hellmonk_lair_entry_icy, uniq_psyche
D:9:      layout_loops_corners, mainiacjoe_overflow_surrounded_room,
          mainiacjoe_overflow_alcove_4, enter_bailey_3, minmay_misc_feat_columns
D:10:     layout_cave_pods, zombieorc1_lemuel, gammafunk_ghost_hydra_chop
Temple:   cyrus_circular_temple
Lair:1:   layout_regular_city
Lair:2:   layout_gridlike, spider_nest_entry_web_field, beast_lair_carwin_1,
          uniq_sonja
Lair:3:   layout_misc_corridors, minmay_swamp_entry_worms, grunt_megastairs_5

Skill      XL: |  1  2  3  4  5  6  7  8  9 10 11 |
---------------+----------------------------------+-----
Axes           | 3 4 5 7 8 10 12 13 | 13.9
Fighting       | 4 5 6 7 9 10 | 10.3
Armour         | 4 5 6 8 9 10 | 10.4
Shields        | 4 5 6 7 9 10 | 10.4
Throwing       | 1 2 4 5 6 7 |  7.7
Invocations    | 3 |  3.5

Action                     |  1- 3 |  4- 6 |  7- 9 | 10-12 || total
---------------------------+-------+-------+-------+-------++-------
  Melee: War axe           |    92 |   101 |   157 |       ||   350
         Headbutt          |    11 |    17 |    44 |    83 ||   155
         Broad axe         |       |       |    64 |   493 ||   557
  Throw: Boomerang         |       |     5 |       |       ||     5
    Use: Scroll            |     6 |     7 |    10 |     9 ||    32
         Potion            |       |       |     2 |     2 ||     4
 Armour: Scale mail        |    60 |    25 |       |       ||    85
         Ring mail         |       |    30 |   165 |   116 ||   311
         Crystal plate arm |       |       |       |   416 ||   416
  Dodge: Dodged            |    56 |    53 |   157 |   175 ||   441
  Block: Buckler           |    36 |    28 |    92 |   174 ||   330

Table legend: (Time is in decaauts)
 A = Elapsed time spent in this place.
 B = Non-inter-level travel time spent in this place.
 C = Inter-level travel time spent in this place.
 D = Time resting spent in this place.
 E = Time spent auto-exploring this place.
 F = Levels seen in this place.
 G = Mean time per level.
                   A        B        C        D        E       F      G
               +--------+--------+--------+--------+--------+-----+--------+
         Total |  10594 |   9922 |    672 |    122 |   6349 |  16 |  662.1 |
       Dungeon |   8755 |   8104 |    651 |     85 |   5522 |  10 |  875.5 |
        Temple |     36 |     23 |     13 |      0 |      0 |   1 |   36.0 |
          Lair |   1099 |   1092 |      7 |     37 |    676 |   3 |  366.3 |
         Sewer |    179 |    179 |      0 |      0 |     82 |   1 |  179.0 |
        Bailey |    523 |    523 |      0 |      0 |     69 |   1 |  523.0 |
               +--------+--------+--------+--------+--------+-----+--------+

Top non-repeatable levels by time:
    D:10: 1184 daAuts
     D:9: 1133 daAuts
     D:2: 1009 daAuts
     D:7: 967 daAuts
     D:8: 913 daAuts
     D:1: 854 daAuts
  Lair:1: 797 daAuts
     D:3: 775 daAuts
     D:5: 700 daAuts
     D:6: 678 daAuts
     D:4: 539 daAuts
  Bailey: 523 daAuts
  Lair:2: 273 daAuts
   Sewer: 179 daAuts
  Temple: 36 daAuts
